 Dungeon Crawl Stone Soup version 0.19-a0-1238-gee6bd96 (webtiles) character file.

28 Duffy the Insei (level 3, 22/26 HPs)
             Began as a Demonspawn Transmuter on Aug 26, 2016.
             Quit the game on level 1 of the Dungeon.
             The game lasted 00:01:58 (1198 turns).

Duffy the Insei (Demonspawn Transmuter)             Turns: 1198, Time: 00:01:59

Health: 22/26      AC:  5    Str: 10    XL:     3   Next: 0%
Magic:  6/6        EV: 12    Int: 14    God:
Gold:   27         SH:  0    Dex: 14    Spells: 2 memorised, 3 levels left

rFire  . . .     SeeInvis .       - Unarmed
rCold  . . .     Gourm    .     i - +0 leather armour
rNeg   . . .     Faith    .     (no shield)
rPois  .         Spirit   .     (helmet restricted)
rElec  .         Dismiss  .     m - +0 cloak
rCorr  .         Reflect  .     (no gloves)
MR     .....     Harm     .     b - +0 pair of boots (curse)
Stlth  +.........               (no amulet)
                                (no ring)
                                (no ring)

@: no status effects
A: horns 1, demonic guardian 1
a: no special abilities


You were on level 1 of the Dungeon.
You were not hungry.

You visited 1 branch of the dungeon, and saw 2 of its levels.

You collected 27 gold pieces.

Inventory:

Missiles
 a - 12 arrows
Armour
 b - a cursed +0 pair of boots (worn)
 i - a +0 leather armour (worn)
 m - a +0 cloak (worn)
Wands
 l - a wand of lightning (4/15)
Scrolls
 f - a scroll of identify {unknown}
 g - a scroll of enchant weapon {unknown}
 k - a scroll of fog {unknown}
 n - 3 scrolls of teleportation {unknown}
Potions
 e - 2 potions of brilliance {unknown}
 h - a potion of flight {unknown}
Books
 c - a book of Changes

   Spells                             Type                      Level
   a - Beastly Appendage              Transmutation                1
   b - Sticks to Snakes               Transmutation                2
   c - Spider Form                    Transmutation/Poison         3
   d - Ice Form                       Ice/Transmutation            4
   e - Blade Hands                    Transmutation                5
Comestibles
 d - 2 bread rations
 j - 7 chunks of flesh


   Skills:
 - Level 1.0 Fighting
 - Level 1.7 Dodging
 + Level 3.4 Unarmed Combat
 - Level 2.0 Spellcasting
 + Level 2.2 Transmutations


You had 3 spell levels left.
You knew the following spells:

 Your Spells              Type           Power        Failure   Level  Hunger
a - Beastly Appendage     Tmut           #.....       14%         1    ##.....
s - Sticks to Snakes      Tmut           #.......     21%         2    ###....


Dungeon Overview and Level Annotations

Branches:
Dungeon (2/15)

Altars:

Annotations:
D:2 exclusion: adder


Innate Abilities, Weirdness & Mutations

You have a pair of small horns on your head.
A weak demonic guardian rushes to your aid.


Message History

You barely miss the hobgoblin.
The hobgoblin is moderately wounded.
The hobgoblin completely misses you.
You hit the hobgoblin. You headbutt the hobgoblin.
You kill the hobgoblin!
You have reached level 3!
Your experience leads to an increase in your attributes!
Increase (S)trength, (I)ntelligence, or (D)exterity?
You feel agile.
Your demonic ancestry asserts itself...
You feel the presence of a demonic guardian.
Things that are here:
a club; a hobgoblin corpse You butcher the hobgoblin corpse.
j - 7 chunks of flesh (gained 3)
You see here a club.
Unknown command.
Unknown command.
Unknown command.
Okay, then.
Are you sure you want to abandon this character and quit the game? (Confirm with "yes".)

#.....# #.....# #.....#
#.....# ###### #.....#
#.~..P## ###.....##
.~P~PPP#
#........#####~P~~~P..
#####....@........~~ ~~~P~
#................ P~~777PP
#...(...........#P ~~7~~~~
#.......##...###PP~77P7~7~
########.......# ...#


P7PPPP~~~ .......+.......+ ..... 7~P~~PP7~ .#######.......# .....P ~~P.P.P~~
>....................P~ ~P~...P~7 ###########.#####. ~P.####P~ There were no
monsters in sight!

Vanquished Creatures
  4 dart slugs
  A giant gecko (D:1)
  2 ball pythons (D:2)
  4 goblins
  2 hobgoblins (D:1)
  2 kobolds
  4 bats
19 creatures vanquished.

Notes
Turn   | Place    | Note
-------+----------+-------------------------------------------
     0 | D:1      | Duffy the Demonspawn Transmuter began the quest for the Orb.
     0 | D:1      | Reached XP level 1. HP: 15/15 MP: 3/3
   289 | D:1      | Reached skill level 3 in Unarmed Combat
   306 | D:1      | Gained mutation: You have a pair of small horns on your head. [demonic ancestry]
   306 | D:1      | Reached XP level 2. HP: 17/21 MP: 5/5
   738 | D:1      | Learned a level 2 spell: Sticks to Snakes
  1194 | D:1      | Gained mutation: A weak demonic guardian rushes to your aid. [demonic ancestry]
  1194 | D:1      | Reached XP level 3. HP: 22/26 MP: 6/6
  1198 | D:1      | Quit the game

Vault maps used:
D:1:      minmay_arrival_stair_chambers, serial_bayou, serial_bayou_pond_c,
          serial_bayou_pond_d, serial_bayou_lagoon_a, serial_bayou_shore_b,
          interstate_on_off, serial_park_tiny_pond
D:2:      nicolae_overflow_hidden_temple, kennysheep_small_spiral

Skill      XL: |  1 |
---------------+----+-----
Unarmed Combat | 3 |  3.4
Transmutations | 2 |  2.2
Fighting       | |  1.0
Dodging        | |  1.7
Spellcasting   | |  2.0

Action                   || total
-------------------------++-------
Melee: Unarmed           ||    80
       Punch             ||     1
       Headbutt          ||     5
  Eat: Chunk             ||     1
Armor: Robe              ||    18
       Leather armour    ||    13
Dodge: Dodged            ||    53
